 Dungeon Crawl Stone Soup version 0.24-a0-640-ge7cd8ce (console) character file.

Game seed: 18274632254233830855, levelgen mode: deterministic

3686 vegansnacktivist the Covert (level 10, 0/56 HPs)
             Began as an Octopode Earth Elementalist on Sept 25, 2019.
             Was a Follower of Nemelex Xobeh.
             Slain by a hippogriff (6 damage)
             ... on level 8 of the Dungeon.
             The game lasted 00:17:43 (7264 turns).

vegansnacktivist the Covert (OpEE)                  Turns: 7264, Time: 00:17:43

Health: 0/56       AC:  1    Str:  7    XL:     10   Next: 13%
Magic:  7/22       EV: 13    Int: 22    God:    Nemelex Xobeh [*.....]
Gold:   289        SH:  0    Dex: 12    Spells: 8/25 levels left

rFire    . . .     SeeInvis +   y - +2 dagger (protect)
rCold    . . .     Gourm    .   (no shield)
rNeg     . . .     Faith    .   (helmet restricted)
rPois    .         Spirit   .   f - amulet of magic regeneration
rElec    .         Reflect  .   i - ring of see invisible
rCorr    .         Harm     .   u - ring of wizardry
MR       .....                  (no ring)
Stlth    ++++++....             (no ring)
HPRegen  0.18/turn              (no ring)
MPRegen  0.43/turn              (no ring)
                                (no ring)
                                (no ring)

@: no status effects
A: almost no armour, stealthy swim, amphibious, 8 rings, constrict 8, camouflage
1, gelatinous body 1
a: Draw Escape, Draw Destruction, Draw Summoning, Renounce Religion


You were on level 8 of the Dungeon.
You worshipped Nemelex Xobeh.
Nemelex Xobeh was aware of your devotion.
You were not hungry.

You visited 2 branches of the dungeon, and saw 10 of its levels.

You collected 289 gold pieces.

Inventory:

Hand Weapons
 y - a +2 dagger of protection (weapon)
 z - a +0 dagger of flaming
Missiles
 b - 100 stones (quivered)
 k - a throwing net
 x - 26 poisoned darts
 D - 13 javelins
Jewellery
 f - an amulet of magic regeneration (around mantle)
 i - a ring of see invisible (left tentacle)
 l - an uncursed amulet of rage
 s - an uncursed ring of protection from magic {unknown}
 u - a ring of wizardry (right tentacle)
 A - an uncursed ring of fire
Wands
 t - a wand of disintegration (11)
 v - a wand of random effects (8)
Scrolls
 a - 3 scrolls of teleportation
 j - a scroll of amnesia
 m - 5 scrolls of fear
 r - a scroll of immolation
 w - 2 scrolls of magic mapping
 C - 2 scrolls of enchant armour {unknown}
Potions
 d - a potion of mutation {unknown}
 e - a potion of heal wounds {unknown}
 g - 2 potions of haste
 h - a potion of flight
 n - 3 potions of might
 o - 2 potions of agility
 p - a potion of degeneration
 B - 2 potions of curing
Comestibles
 c - 13 rations


   Skills:
 + Level 4.1 Short Blades
 - Level 2.0 Dodging
 - Level 12.1 Stealth
 - Level 8.1 Spellcasting
 - Level 1.0 Transmutations
 - Level 6.7 Earth Magic


You had 8 spell levels left.
You knew the following spells:

 Your Spells              Type           Power        Failure   Level  Hunger
a - Sandblast             Erth           #####.       1%          1    None
b - Passwall              Tmut/Erth      ####....     1%          2    None
c - Stone Arrow           Conj/Erth      ###...       2%          3    None
d - Petrify               Tmut/Erth      ####....     6%          4    ###....
e - Lee's Rapid Deconstr  Erth           #####.....   5%          5    #####..
f - Apportation           Tloc           #.....       3%          1    None
g - Confusing Touch       Hex            #.....       3%          1    None

Your spell library contained the following spells:

 Spells                   Type           Power        Failure   Level  Hunger
 Animate Skeleton         Necr           N/A          3%          1    None
 Summon Small Mammal      Summ           #...         3%          1    None


Dungeon Overview and Level Annotations

Branches:
Dungeon (9/15)             Temple (1/1) D:6
   Lair: D:8-11         Orc: D:9-12

Altars:
Ashenzari
Cheibriados
Dithmenos
Elyvilon
Fedhas
Gozag
Kikubaaqudgha
Makhleb
Nemelex Xobeh
Okawaru
Qazlal
Ru
Sif Muna
Trog
Uskayaw
Vehumet
Wu Jian
Yredelemnul
Zin
The Shining One

Shops:
D:4 }   D:6 [   D:9 =


Innate Abilities, Weirdness & Mutations

You cannot wear most types of armour.
You are very stealthy in the water. (Stealth+)
You are amphibious.
You can wear up to eight rings at the same time.
You can use your tentacles to constrict eight enemies at once.
Your skin changes colour to match your surroundings (Stealth+).
Your rubbery body absorbs attacks. (AC +1, EV +1)


Message History

Casting: Stone Arrow (safe; 2% risk of failure)
Confirm with . or Enter, or press ? or * to list all spells.
Aiming: Stone Arrow (safe; 2% risk of failure)
Press: ? - help, Shift-Dir - straight line, f/p - hippogriff
Aim: a hippogriff The stone arrow hits the hippogriff!
The hippogriff is moderately wounded.
The hippogriff bites you!
* * * LOW HITPOINT WARNING * * *
The hippogriff barely misses you. x2
Casting: Stone Arrow (safe; 2% risk of failure)
Confirm with . or Enter, or press ? or * to list all spells.
Aiming: Stone Arrow (safe; 2% risk of failure)
Press: ? - help, Shift-Dir - straight line, f/p - hippogriff
Aim: a hippogriff (moderately wounded)
The stone arrow hits the hippogriff!
The hippogriff is severely wounded.
The hippogriff bites you.
You die...
Your body disappears without a glow.

..#.#.##.####.........#..........
..#.#..............[..#.....#####
.........####...###...#.....#
.........# ##..# #...#.....#
)........#####..###.).#..##.#
...............>.....[......#
.........#######Y###.##.[########
######.........#H#....#..<#......
# #.#.#####.#@#.#..#...#.##### #
#.#.....#.#.#.####...#.# #
#.#...#.#.#.#........#.# #
#.#####.#.#.##########.# #
#.#.......#.# #.# #.#.....#.#.#
#.# #.#########.# #.#
#...........# #.# ###########.#
#.#


You could see a hippogriff and a yak.

Vanquished Creatures
  3 hippogriffs
  Sigmund (D:3)
  2 yaks (D:9)
  A water moccasin (D:8)
  4 ice beasts
  A sky beast (D:8)
  2 orc warriors (D:7)
  2 phantoms (D:4)
  4 ogres
  5 scorpions
  3 howler monkeys
  2 crimson imps
  A bullfrog zombie (D:7)
  3 jellies
  4 orc wizards
  5 orc priests
  3 hounds
  Crazy Yiuf (D:3)
  2 centaur skeletons
  Jessica (D:2)
  3 iguanas
  3 worker ants
  2 hound zombies (D:7)
  A hound skeleton (D:8)
  A howler monkey skeleton (D:5)
  6 adders
  3 shadow imps
  4 oozes
  A worm (D:3)
  4 dart slugs
  6 leopard geckos
  25 orcs
  10 giant cockroaches
  2 gnoll zombies (D:7)
  6 hobgoblins
  4 jackals (D:4)
  5 quokkas
  A ball python (D:3)
  6 bats
  8 frilled lizards
  9 goblins
  9 kobolds
  6 rats
175 creatures vanquished.

Notes
Turn   | Place    | Note
-------+----------+-------------------------------------------
     0 | D:1      | vegansnacktivist the Octopode Earth Elementalist began the
                  | quest for the Orb.
     0 | D:1      | Reached XP level 1. HP: 11/11 MP: 3/3
   107 | D:1      | Reached XP level 2. HP: 15/17 MP: 3/5
   661 | D:1      | Reached XP level 3. HP: 19/21 MP: 6/6
  1003 | D:2      | Noticed a scorpion
  1023 | D:2      | Killed a scorpion
  1023 | D:2      | Reached skill level 5 in Earth Magic
  1023 | D:2      | Reached XP level 4. HP: 6/27 MP: 1/7
  1345 | D:2      | Found an iron altar of Okawaru.
  1345 | D:2      | Found a bloodstained altar of Trog.
  1751 | D:2      | Noticed Jessica
  1877 | D:2      | Learned a level 2 spell: Passwall
  1881 | D:2      | Learned a level 3 spell: Stone Arrow
  1885 | D:2      | Killed Jessica
  1885 | D:2      | Reached XP level 5. HP: 31/31 MP: 6/8
  2016 | D:3      | Reached XP level 6. HP: 36/36 MP: 4/9
  2102 | D:3      | Noticed Sigmund
  2153 | D:3      | Killed Sigmund
  2195 | D:3      | Found a runed translucent door.
  2196 | D:3      | Noticed Crazy Yiuf
  2409 | D:3      | Reached XP level 7. HP: 38/41 MP: 9/12
  2410 | D:3      | Reached skill level 3 in Stealth
  2631 | D:3      | Killed Crazy Yiuf
  2691 | D:4      | Reached skill level 4 in Stealth
  2821 | D:5      | Entered Level 5 of the Dungeon
  2845 | D:5      | Reached skill level 5 in Stealth
  2866 | D:5      | Learned a level 4 spell: Petrify
  2975 | D:4      | Reached skill level 6 in Stealth
  3031 | D:4      | Reached skill level 7 in Stealth
  3219 | D:4      | Found Ninluin's Gadget Emporium.
  3376 | D:4      | Reached XP level 8. HP: 46/46 MP: 13/13
  3393 | D:4      | Found a stormy altar of Qazlal.
  3453 | D:5      | Reached skill level 8 in Stealth
  3929 | D:5      | Reached skill level 9 in Stealth
  4254 | D:5      | Found a snail-covered altar of Cheibriados.
  4258 | D:5      | Found a burning altar of Makhleb.
  4261 | D:5      | Found a glowing silver altar of Zin.
  4508 | D:6      | Found Wyision's Antique Armour Shoppe.
  4644 | D:6      | Reached skill level 10 in Stealth
  4787 | D:6      | Found a staircase to the Ecumenical Temple.
  4844 | Temple   | Entered the Ecumenical Temple
  4953 | Temple   | Became a worshipper of Nemelex Xobeh the Trickster
  4973 | D:7      | Received a gift from Nemelex Xobeh
  4984 | D:7      | Reached skill level 11 in Stealth
  5096 | D:7      | Reached skill level 12 in Stealth
  5103 | D:7      | Reached XP level 9. HP: 51/51 MP: 9/14
  5276 | D:7      | Reached skill level 5 in Spellcasting
  5462 | D:7      | Found a shimmering blue altar of Sif Muna.
  5649 | D:7      | Found a basalt altar of Yredelemnul.
  5669 | D:7      | Found a radiant altar of Vehumet.
  5671 | D:7      | Found a shattered altar of Ashenzari.
  5811 | D:7      | Learned a level 5 spell: Lee's Rapid Deconstruction
  5813 | D:7      | Learned a level 1 spell: Apportation
  5815 | D:7      | Learned a level 1 spell: Confusing Touch
  6016 | D:8      | Reached * piety under Nemelex Xobeh
  6755 | D:8      | Reached skill level 1 in Short Blades
  7018 | D:8      | Reached XP level 10. HP: 56/56 MP: 22/22
  7019 | D:8      | Found a shadowy altar of Dithmenos.
  7175 | D:8      | Received a gift from Nemelex Xobeh
  7205 | D:9      | Found Sisueth's Jewellery Emporium.
  7264 | D:8      | Slain by a hippogriff

Levels and vault maps discovered:
D:1:      minmay_arrival_doors, layout_loops_ring
D:2:      layout_basic, gammafunk_temple_overflow_elements, first_ration,
          uniq_jessica
D:3:      layout_rooms, nrook_campfire, grunt_ministairs_12,
          uniq_crazy_yiuf_cottage, uniq_sigmund
D:4:      layout_loops_ring, kennysheep_mini_moat, serial_shops, shop_fountains,
          st_stairs_6
D:5:      minmay_spotlight, layout_layer_cave, minmay_overflow_temple_star_quad
D:6:      layout_rooms, minmay_temple_entry_offerings, serial_shops, shop
D:7:      layout_cave_pools, lemuel_zombie_altar_yredelemnul,
          lemuel_blue_sif_altar, chequers_temple_overflow_statue_of_worship
D:8:      layout_basic, nicolae_overflow_hidden_temple, serial_glass,
          glass_columns_b, glass_columns_a
D:9:      argonaut_augean_stables, layout_loops_ring, lemuel_round_altar,
          tgw_xom, serial_shops, nicolae_shop_trees, hangedman_fish_farm,
          eino_tiny_chamber
Temple:   nicolae_temple_figure_zero

Skill      XL: |  1  2  3  4  5  6  7  8  9 10 |
---------------+-------------------------------+-----
Earth Magic    | 4 5 6 |  6.7
Spellcasting   | 3 8 |  8.1
Stealth        | 7 12 | 12.1
Short Blades   | 2 4 |  4.1
Dodging        | |  2.0
Transmutations | |  1.0

Action                   |  1- 3 |  4- 6 |  7- 9 | 10-12 || total
-------------------------+-------+-------+-------+-------++-------
Melee: Unarmed           |    26 |       |       |       ||    26
       Constrict         |     9 |     8 |     4 |       ||    21
       Tentacles         |     5 |     5 |     6 |       ||    16
       Dagger            |    14 |    28 |    55 |     1 ||    98
 Cast: Sandblast         |    19 |    52 |   112 |       ||   183
       Stone Arrow       |       |       |    66 |     7 ||    73
       Lee's Rapid Decon |       |       |     9 |       ||     9
       Petrify           |       |       |     5 |       ||     5
Evoke: Wand              |       |       |     2 |       ||     2
  Use: Scroll            |       |       |    15 |       ||    15
       Potion            |       |       |     4 |       ||     4
 Stab: Sleeping          |    11 |     2 |    16 |     1 ||    30
       Distracted        |     1 |     1 |     1 |       ||     3
  Eat: Chunk             |       |     5 |    18 |       ||    23
       Ration            |       |       |       |     1 ||     1
Armor: Skin              |     5 |     3 |    17 |       ||    25
Dodge: Dodged            |    31 |    27 |    89 |     6 ||   153

Table legend:
 A = Non-vault XP
 B = Vault XP
 C = Vault XP percentage of total XP
 D = Non-vault monster count
 E = Vault monster count
 F = Vault count percentage of total count
                 A         B        C        D         E       F
            +---------+---------+-------+---------+---------+-------
      Total |    4833 |     434 |   8.2 |     161 |      14 |   8.0
            +---------+---------+-------+---------+---------+-------
        D:1 |      47 |       0 |   0.0 |      24 |       0 |   0.0
        D:2 |      99 |      37 |  27.2 |      13 |       1 |   7.1
        D:3 |     209 |     273 |  56.6 |      35 |       4 |  10.3
        D:4 |     487 |       9 |   1.8 |      19 |       2 |   9.5
        D:5 |     301 |     112 |  27.1 |      19 |       5 |  20.8
        D:6 |     345 |       0 |   0.0 |       8 |       0 |   0.0
        D:7 |    1473 |       3 |   0.2 |      24 |       2 |   7.7
        D:8 |    1474 |       0 |   0.0 |      17 |       0 |   0.0
        D:9 |     398 |       0 |   0.0 |       2 |       0 |   0.0
            +---------+---------+-------+---------+---------+-------
